 Dungeon Crawl Stone Soup version 0.29-a0-43-g62a80824bf (webtiles) character file.

Game seed: 16253602554754685230

204096 oldriver the Warrior (level 18, 0/130 (142) HPs)
             Began as a Hill Orc Gladiator on Feb 1, 2022.
             Was the Champion of Beogh.
             Slain by a shadow demon (5 damage)
             ... on level 3 of the Abyss on Feb 2, 2022.
             The game lasted 02:14:05 (44200 turns).

oldriver the Warrior (Hill Orc Gladiator)          Turns: 44200, Time: 02:14:06

HP:   0/130 (142)   AC: 30    Str: 20 (21) XL:     18   Next: 63%
MP:   25/25         EV:  6    Int: -1 (4)  God:    Beogh [******]
Gold: 2889          SH: 17    Dex: 17 (18) Spells: 17/17 levels left

rFire   + + +      SeeInvis +   a - +4 war axe of the Purse {vamp, rF+++ Will+ Str-4 SInv}
rCold   + + .      Faith    .   Y - +0 tower shield
rNeg    . . .      Spirit   .   F - +5 plate armour {rPois}
rPois   +          Reflect  .   c - +2 helmet
rElec   .          Harm     .   d - scarf {rC+ rF+}
rCorr   .          Rampage  .   Q - +2 pair of gloves {Stlth+}
Will    ++...                   G - +2 pair of boots
Stlth   ..........              H - amulet of regeneration
HPRegen 1.11/turn               o - +6 ring of dexterity
MPRegen 0.19/turn               E - ring of protection from cold

@: hasted and slowed, lost intelligence, studying 2 skills, drained, invisible,
unable to read
A: walk on water, deformed body, [deterioration 2], [dopey 2], [frail 2],
[screaming 2]
}: 1/15 runes: gossamer
a: Renounce Religion, Smiting, Recall Orcish Followers, Give Item to Named
Follower, Resurrection


You were on level 3 of the Abyss.
You worshipped Beogh.
Beogh was exalted by your worship.
You visited 5 branches of the dungeon, and saw 31 of its levels.
You visited the Abyss 1 time.
You also visited: Ice Cave and Volcano.

You collected 3266 gold pieces.
You spent 377 gold pieces at shops.

Inventory:

Hand Weapons
 a - the +4 war axe of the Purse (weapon) {vamp, rF+++ Will+ Str-4 SInv}
   (You found it on level 6 of the Lair of Beasts)

   It occasionally heals its wielder for a portion of the damage dealt when it
   wounds a living foe.
   Str:       It affects your strength (-4).
   rF:        It renders you almost immune to fire.
   SInv:      It lets you see invisible.
   Will:      It increases your willpower.
 b - a +2 fustibalus of flaming
 P - the +7 battleaxe of Xom {antimagic, rF+}
   (You found it on level 4 of the Lair of Beasts)

   It reduces the magical energy of the wielder, and disrupts the spells and
   magical abilities of those it strikes.
   Natural abilities and divine invocations are not affected.
   rF:        It protects you from fire.
Missiles
 q - 203 sling bullets
 z - 3 silver javelins (quivered)
 J - 2 datura-tipped darts
 U - 4 throwing nets
 V - 10 curare-tipped darts
Armour
 c - a +2 helmet (worn)
 d - a scarf of resistance (worn)
 F - a +5 plate armour of poison resistance (worn)
 G - a +2 pair of boots (worn)
 Q - a +2 pair of gloves of stealth (worn)
 Y - a +0 tower shield (worn)
Jewellery
 f - a ring of willpower
 n - an amulet of reflection
 o - a +6 ring of dexterity (left hand)
 s - an amulet of faith
 E - a ring of protection from cold (right hand)
 H - an amulet of regeneration (around neck)
Wands
 p - a wand of flame (27)
 A - a wand of acid (28)
 M - a wand of iceblast (13)
Scrolls
 h - a scroll of amnesia
 i - 10 scrolls of teleportation
 k - 4 scrolls of vulnerability
 l - a scroll of holy word
 u - 2 scrolls of blinking
 v - 2 scrolls of identify
 w - a scroll of acquirement {unknown}
 x - 3 scrolls of magic mapping
 K - 2 scrolls of fog
 R - a scroll of summoning
 S - a scroll of silence
Potions
 e - 5 potions of ambrosia
 g - 8 potions of curing
 j - a potion of might
 m - a potion of magic
 r - 7 potions of mutation
 B - a potion of invisibility
 C - 5 potions of haste
 I - a potion of cancellation
Miscellaneous
 T - a lightning rod (4/4)


   Skills:
 - Level 20.1 Fighting
 + Level 16.9(18.4) Axes
 - Level 9.3(13.0) Maces & Flails
 - Level 4.6(10.4) Polearms
 - Level 4.5(5.0) Slings
 - Level 3.0(4.2) Throwing
 + Level 19.8 Armour
 - Level 4.1 Dodging
 - Level 3.0 Stealth
 + Level 9.5 Shields
 * Level 10.1 Invocations
 - Level 6.3 Evocations


You had 17 spell levels left.
You didn't know any spells.
Your spell library contained the following spells:

 Spells                   Type           Power      Damage    Failure   Level
 Beastly Appendage        Tmut           0%         N/A       100%        1
 Magic Dart               Conj           0%         1d3       100%        1
 Sandblast                Erth           0%         2d4       100%        1
 Corpse Rot               Necr/Air       0%         N/A       100%        2
 Ensorcelled Hibernation  Hex/Ice        0%         N/A       100%        2
 Passwall                 Tmut/Erth      0%         N/A       100%        2
 Searing Ray              Conj           0%         2d4       100%        2
 Static Discharge         Conj/Air       0%         N/A       100%        2
 Sublimation of Blood     Necr           0%         N/A       100%        2
 Conjure Flame            Conj/Fire      0%         6-21      100%        3
 Gell's Gravitas          Tloc           0%         N/A       100%        3
 Ignite Poison            Fire/Tmut/Pois 0%         N/A       100%        3
 Ozocubu's Armour         Ice            0%         N/A       100%        3
 Spider Form              Tmut/Pois      0%         N/A       100%        3
 Stone Arrow              Conj/Erth      0%         3d7       100%        3
 Teleport Other           Tloc           0%         N/A       100%        3
 Vampiric Draining        Necr           0%         2d6       100%        3
 Anguish                  Hex/Necr       0%         N/A       100%        4
 Animate Dead             Necr           0%         N/A       100%        4
 Dispel Undead            Necr           0%         3d6       100%        4
 Fulminant Prism          Conj/Hex       0%         3d6       100%        4
 Petrify                  Tmut/Erth      0%         N/A       100%        4
 Sticky Flame             Conj/Fire      0%         2d3       100%        4
 Summon Ice Beast         Ice/Summ       0%         N/A       100%        4
 Borgnjor's Vile Clutch   Necr/Erth      0%         N/A       100%        5
 Irradiate                Conj/Tmut      0%         3d14      100%        5
 Metabolic Englaciation   Hex/Ice        0%         N/A       100%        5
 Summon Mana Viper        Hex/Summ       0%         N/A       100%        5
 Death Channel            Necr           0%         N/A       100%        6
 Dispersal                Tloc           0%         N/A       100%        6
 Statue Form              Tmut/Erth      0%         N/A       100%        6
 Monstrous Menagerie      Summ           0%         N/A       100%        7
 Ozocubu's Refrigeration  Ice            0%         4d5       100%        7
 Infestation              Necr           0%         N/A       100%        8
 Chain Lightning          Conj/Air       0%         N/A       100%        9
 Fire Storm               Conj/Fire      0%         5d1       100%        9
 Shatter                  Erth           0%         3d5*      100%        9


Dungeon Overview and Level Annotations

Branches:
Dungeon (15/15)            Temple (0/1) D:6            Lair (6/6) D:8
  Swamp (4/4) Lair:3       Spider (4/4) Lair:2        Slime (0/5) Lair:6
    Orc (2/2) D:12            Elf (0/3) Orc:2        Vaults (0/5) D:14
 Depths (0/4) D:15          IceCv (visited)         Volcano (visited)

Altars:
Ashenzari
Cheibriados
Fedhas
Gozag
Hepliaklqana
Kikubaaqudgha
Makhleb
Nemelex Xobeh
Qazlal
Ru
Sif Muna
Vehumet
Wu Jian
Xom
Beogh
Lugonu

Shops:
D:12 (?[   D:14 (   Orc:1 (   Orc:2 *:[!

Portals:
Abyss: Lair:6

Annotations:
D:15 2 runed translucent doors, Cyetsa's ghost, adept FoFi
Lair:1 3 runed translucent doors, Mootru's ghost, journeyman PaFi
Swamp:1 Roxanne
Spider:4 2 transporters, freelancePsychic's ghost, adept MfIE


Innate Abilities, Weirdness & Mutations

You can walk on water.
Armour fits poorly on your strangely shaped body.
[Your body often deteriorates upon taking damage.]
[You are very dopey. (Int -4)]
[You are very frail. (-20% HP)]
[You frequently scream uncontrollably at your foes.]


Message History

A spatial vortex comes into view.
You slash the wretched star!
The wretched star is almost destroyed.
You barely miss the chaos spawn. You hit the wight. You hit the shadow demon.
You slash the spatial maelstrom!
A starcursed mass splits.
The wight hits you but does no damage.
You block the spatial maelstrom's attack.
The spatial maelstrom barely misses you.
The chaos spawn barely misses you.
The wretched star pulses with an eldritch light!
You block the shadow demon's attack. The wight closely misses you.
The chaos spawn gores you but does no damage.
The wretched star glows turbulently.
The lance of force hits you!!
* * * LOW HITPOINT WARNING * * *
Your body deteriorates!
You feel dopey.
You are knocked back by the lance of force.
You collide with the shadow demon!
The shadow demon is lightly wounded.
* * * LOW HITPOINT WARNING * * *
The shadow demon hits you but does no damage.
You cannot read scrolls in your current state!
Drinking this now will have no effect.
You fade into invisibility!
You block the wight's attack.
The spatial maelstrom hits you but does no damage.
You block the spatial maelstrom's attack.
You block the chaos spawn's attack.
A starcursed mass splits.
The shadow demon hits you but does no damage.
You feel yourself speed up. You block the wight's attack.
The chaos spawn barely misses you.
You block the spatial maelstrom's attack. x2
A chorus of shrieks assaults your mind.
* * * LOW HITPOINT WARNING * * *
The shadow demon hits you but does no damage.
The wight hits you with a +2 spear.
* * * LOW HITPOINT WARNING * * *
The chaos spawn hits you but does no damage.
The shadow demon hits you.
You die...

.# ###.## . .#
. #.## .. ..
.##. .. ..#
..## .#... #.#
#
###..##..###...
....# #.XX.#...
# . #...#..v#..
. #. #..Xv.# .
##..#x2v## ..
#.##@z..# #
#.#z*#4..# ####
####


You could see 3 starcursed masses, a spatial maelstrom (summoned), a wretched
star, a shadow demon, 2 spatial vortices, a chaos spawn (summoned), a small
abomination (summoned) and 2 wights.

Vanquished Creatures
  A tentacled monstrosity (Swamp:3)
  A tentacled starspawn (Abyss:3)
  A fenstrider witch (Swamp:3)
  6 ghost moths
  A ghoul (Swamp:1)
  4 eleionomae
  2 bunyips
  An entropy weaver (Spider:3)
  A boulder beetle (D:11)
  3 shambling mangroves (Swamp:3)
  6 hydras
  2 centaur warriors
  An anaconda (Lair:5)
  2 ghost crabs
  An ogre mage (Swamp:4)
  Erica (D:8)
  3 two-headed ogres
  6 alligators
  2 thrashing horrors (Abyss:3)
  An orc high priest (Orc:1)
  2 death yaks
  3 pharaoh ants
  A sun moth (Spider:1)
  A wretched star (Abyss:3)
  4 goliath frogs
  2 steelbarb worms
  An orb spider (Spider:1)
  6 bog bodies
  2 spriggan druids
  9 swamp dragons
  A glowing orange brain (Abyss:3)
  An orc knight (Volcano)
  A necromancer (IceCv)
  2 deep elf pyromancers (Volcano)
  4 ugly things
  6 wolf spiders
  2 cyclopes
  A manticore (D:12)
  4 will-o-the-wisps
  A salamander (Volcano)
  11 elephants
  4 molten gargoyles (Volcano)
  4 black mambas
  A moth of wrath (Spider:2)
  2 torpor snails
  2 unseen horrors (D:12)
  2 ice statues (IceCv)
  4 gargoyles
  10 cane toads
  A demonic crawler (Spider:2)
  A rime drake (Lair:2)
  2 komodo dragons
  An anaconda simulacrum (IceCv)
  2 kobold demonologists
  A freezing wraith (D:14)
  5 ice devils (IceCv)
  An ancient zyme (Abyss:3)
  3 meliai
  A bloated husk (Swamp:1)
  A large abomination (Abyss:3)
  9 hornets
  5 tarantellas
  7 tyrant leeches
  2 trolls
  Grinder (D:4)
  A tarantella (shapeshifter) (Lair:6)
  2 polar bears
  25 blink frogs
  2 slime creatures
  4 jumping spiders
  A meliai zombie (D:13)
  A water elemental (D:14)
  11 spriggans
  A ynoxinul (Lair:6)
  6 culicivoras
  3 dire elephant simulacra (IceCv)
  9 wyverns
  Eustachio (D:4)
  2 wraiths
  33 yaks
  A vampire (D:11)
  Grum (D:8)
  6 vampire mosquitoes
  A neqoxec (Abyss:3)
  11 redbacks
  A steam dragon (Lair:3)
  A spatial vortex (Abyss:3)
  2 chaos spawn
  3 wargs
  A swamp worm (shapeshifter) (Abyss:3)
  12 swamp worms
  4 harpy simulacra (IceCv)
  An acid dragon (D:10)
  12 water moccasins
  3 ice beasts
  12 orc warriors
  4 swamp drakes
  4 sky beasts
  2 black bears
  2 necrophages
  An ettin simulacrum (Abyss:3)
  8 ogres
  3 small abominations (Lair:6)
  14 centaurs
  13 wolves
  3 phantoms
  2 kobold brigands (D:11)
  3 scorpions
  8 bullfrogs
  A water moccasin zombie (D:5)
  A water moccasin skeleton (D:5)
  An elephant simulacrum (IceCv)
  7 wights
  3 electric eels
  3 howler monkeys
  4 centaur zombies
  3 starcursed masses (Abyss:3)
  6 jellies
  A centaur skeleton (D:5)
  A hound (D:7)
  5 orc priests
  An iguana (D:4)
  Ijyb (D:4)
  A bullfrog skeleton (D:6)
  15 orc wizards
  8 hell rats
  A troll simulacrum (IceCv)
  A wolf simulacrum (IceCv)
  A hound zombie (D:5)
  Robin (D:2)
  3 gnolls (D:6)
  8 adders
  A naga simulacrum (IceCv)
  A shadow imp (Abyss:3)
  9 white imps
  2 ufetubi (D:6)
  A worm (D:2)
  4 dart slugs
  31 orcs
  6 ball pythons
  6 bats
  7 endoplasms
  4 giant cockroaches
  13 goblins
  12 hobgoblins
  3 quokkas
  2 frilled lizards
  11 kobolds
  6 rats
  A starspawn tentacle (Abyss:3)
621 creatures vanquished.

Vanquished Creatures (collateral kills)
  Jorgrun (Spider:3)
  Frances (Spider:2)
  6 emperor scorpions (Spider:4)
  2 orc warlords (Orc:2)
  A ghoul (D:13)
  5 broodmothers
  2 eleionomae (Swamp:3)
  Nessos (D:15)
  2 entropy weavers (Spider:2)
  A spark wasp (Spider:3)
  Snorg (D:12)
  A great orb of eyes (D:15)
  A vault guard (D:14)
  Harold (D:8)
  4 jorogumos
  6 hydras
  5 boulder beetles
  A death knight (D:14)
  2 radroaches (Spider:4)
  8 centaur warriors
  An anaconda (shapeshifter) (D:15)
  2 two-headed ogres
  5 death yaks (Lair:6)
  3 tengu warriors
  3 thrashing horrors (Lair:6)
  An iron troll (D:14)
  A sun moth (Spider:3)
  3 steelbarb worms
  2 skeletal warriors
  A bog body (IceCv)
  4 pharaoh ants
  7 orb spiders
  A harpy (shapeshifter) (D:9)
  2 deep elf pyromancers (D:15)
  A wizard (Volcano)
  3 orc knights (Orc:2)
  A wolf spider zombie (D:13)
  20 wolf spiders
  4 cyclopes
  A manticore (D:14)
  3 moths of wrath
  A salamander (Volcano)
  5 ugly things
  4 elephants
  A guardian serpent (shapeshifter) (D:14)
  4 torpor snails
  A molten gargoyle (Volcano)
  A black mamba (Lair:4)
  3 gargoyles
  2 smoke demons (Lair:6)
  10 demonic crawlers
  A kobold demonologist (D:9)
  A cane toad (Lair:5)
  2 rime drakes
  A guardian mummy (D:13)
  An efreet (Volcano)
  A freezing wraith (D:14)
  An ancient zyme (Lair:6)
  2 komodo dragons
  An ice devil (IceCv)
  7 trolls
  10 meliai
  A tyrant leech (Swamp:3)
  A queen bee (shapeshifter) (D:15)
  5 blink frogs
  8 slime creatures
  10 tarantellas
  2 meliai zombies (D:13)
  A large abomination (Lair:6)
  6 dream sheep (Lair:6)
  19 jumping spiders
  2 centaur simulacra (D:15)
  17 culicivoras
  A spriggan (Lair:6)
  8 small abominations (Lair:6)
  2 shadows
  A wraith (D:12)
  2 dire elephant simulacra (IceCv)
  54 redbacks
  A wyvern (Lair:6)
  14 yaks
  A yak (shapeshifter) (D:14)
  3 basilisks
  3 chaos spawn (Lair:6)
  5 vampire mosquitoes
  A swamp worm (Swamp:3)
  2 wargs (Orc:2)
  2 acid dragons (D:11)
  3 water moccasins
  A swamp drake (Swamp:4)
  8 orc warriors
  15 centaurs
  8 kobold brigands (D:11)
  A bullfrog (Lair:5)
  4 wights (D:9)
  2 electric eels
  A howler monkey (D:8)
  5 centaur zombies
  An orc wizard (D:12)
  6 hell rats (Lair:6)
  6 white imps (D:13)
  16 orcs
  4 kobolds
  A bush (Lair:6)
  A butterfly (Lair:5)
436 creatures vanquished.

Vanquished Creatures (others)
  Urug (Spider:1)
  An eleionoma (Swamp:1)
  An orc high priest (Spider:2)
  3 orc knights
  4 bloated husks
  A jumping spider (Spider:1)
  19 orc warriors
  A starcursed mass (Abyss:3)
  A yak (Lair:6)
  A swamp worm (Swamp:1)
  2 wights (Abyss:3)
  16 orc priests
  8 orc wizards
  A small abomination (Lair:6)
  46 orcs
  23 foxfires
  37 fungi
  86 plants
  4 starspawn tentacles (Abyss:3)
  A withered plant (D:13)
257 creatures vanquished.

Grand Total: 1314 creatures vanquished

Notes
Turn   | Place    | Note
-------+----------+-------------------------------------------
     0 | D:1      | oldriver the Hill Orc Gladiator began the quest for the
                  | Orb.
     0 | D:1      | Reached XP level 1. HP: 18/18 MP: 1/1
   272 | D:1      | Reached skill level 3 in Fighting
   532 | D:1      | Reached XP level 2. HP: 23/26 MP: 2/2
   747 | D:1      | Found a faded altar of an unknown god.
   838 | D:1      | Reached skill level 4 in Fighting
   997 | D:1      | Reached XP level 3. HP: 33/33 MP: 3/3
  1698 | D:2      | Reached skill level 5 in Fighting
  1698 | D:2      | Reached XP level 4. HP: 42/42 MP: 4/4
  1749 | D:2      | Noticed Robin
  1852 | D:2      | Killed Robin
  2552 | D:3      | Found a blossoming altar of Fedhas.
  2708 | D:3      | Reached skill level 6 in Fighting
  2734 | D:3      | Reached XP level 5. HP: 50/50 MP: 5/5
  2983 | D:3      | Noticed an ogre
  3393 | D:4      | Reached skill level 7 in Fighting
  3657 | D:4      | Found a stormy altar of Qazlal.
  3659 | D:4      | Noticed Grinder
  3669 | D:4      | Noticed a phantom
  3720 | D:3      | Killed an ogre
  3721 | D:3      | Reached XP level 6. HP: 61/61 MP: 6/6
  3918 | D:4      | Noticed Eustachio
  3921 | D:4      | Reached skill level 8 in Fighting
  4666 | D:4      | Reached skill level 1 in Armour
  4944 | D:4      | Noticed Ijyb
  5076 | D:3      | Reached XP level 7. HP: 49/69 MP: 7/7
  5266 | D:5      | Entered Level 5 of the Dungeon
  5320 | D:5      | Reached skill level 5 in Axes
  6001 | D:5      | Noticed a yak
  6001 | D:5      | Noticed a yak
  6035 | D:5      | Killed a yak
  6036 | D:5      | Reached skill level 9 in Fighting
  6036 | D:5      | Reached XP level 8. HP: 70/78 MP: 8/8
  6230 | D:5      | Noticed a yak
  6231 | D:5      | Noticed a yak
  6238 | D:5      | Killed a yak
  6783 | D:4      | Killed Grinder
  7208 | D:4      | Killed Eustachio
  7289 | D:4      | Killed Ijyb
  7636 | D:5      | Reached skill level 5 in Armour
  7682 | D:5      | Reached skill level 10 in Fighting
  7682 | D:5      | Reached XP level 9. HP: 75/85 MP: 9/9
  7733 | D:5      | Found a broken altar of Ashenzari.
  7879 | D:5      | Found a shimmering blue altar of Sif Muna.
  8381 | D:6      | Became a worshipper of Beogh the Brigand
  8947 | D:6      | Identified the +7 hand axe "Dyiqedy" {vamp, Stlth+}
  9292 | D:6      | Found a burning altar of Makhleb.
  9440 | D:6      | Found a sparkling altar of Nemelex Xobeh.
  9692 | D:6      | Found a staircase to the Ecumenical Temple.
  9744 | D:6      | Reached skill level 11 in Fighting
  9955 | D:7      | Identified the +2 quarterstaff "Jiat" {vorpal, Fly rPois
                  | Dex+3 Stlth+}
 10072 | D:7      | Reached * piety under Beogh
 10095 | D:7      | Found a sacrificial altar of Ru.
 10398 | D:7      | Reached skill level 10 in Axes
 10398 | D:7      | Reached XP level 10. HP: 96/96 MP: 10/10
 10974 | D:8      | Found a staircase to the Lair.
 10998 | D:8      | Found an ancient bone altar of Kikubaaqudgha.
 11018 | D:8      | Found an opulent altar of Gozag.
 11078 | D:8      | Noticed Harold
 11253 | D:8      | Noticed a two-headed ogre
 11283 | D:8      | Killed a two-headed ogre
 11284 | D:8      | Reached skill level 12 in Fighting
 11392 | D:8      | Noticed Erica
 11402 | D:8      | Noticed Grum
 11411 | D:8      | Killed Erica
 11422 | D:8      | Killed Grum
 11954 | Lair:1   | Entered Level 1 of the Lair of Beasts
 12590 | Lair:1   | Noticed a five-headed hydra
 12605 | Lair:1   | Killed a five-headed hydra
 12606 | Lair:1   | Reached skill level 13 in Fighting
 12606 | Lair:1   | Reached skill level 1 in Polearms
 12923 | Lair:1   | Reached ** piety under Beogh
 13036 | Lair:1   | Noticed a cane toad
 13039 | Lair:1   | Killed a cane toad
 13040 | Lair:1   | Reached XP level 11. HP: 104/107 MP: 11/11
 13159 | Lair:1   | Found a runed translucent gate.
 13159 | Lair:1   | Found a runed translucent gate.
 13159 | Lair:1   | Found a runed translucent gate.
 13165 | Lair:1   | Noticed a minotaur
 13165 | Lair:1   | Noticed Mootru's ghost (journeyman PaFi)
 13237 | Lair:1   | Reached skill level 10 in Armour
 13910 | Lair:1   | Reached skill level 14 in Fighting
 15166 | Lair:2   | Noticed a four-headed hydra
 15181 | Lair:2   | Killed a four-headed hydra
 15298 | Lair:2   | Reached XP level 12. HP: 108/118 MP: 12/12
 15420 | Lair:2   | Found a hole to the Spider Nest.
 15927 | Lair:3   | Reached skill level 15 in Fighting
 16137 | Lair:3   | Reached *** piety under Beogh
 16149 | Lair:3   | Found a staircase to the Swamp.
 16913 | Lair:3   | Noticed a five-headed hydra
 16930 | Lair:3   | Killed a five-headed hydra
 17066 | Lair:3   | Reached **** piety under Beogh
 17068 | Lair:3   | Reached XP level 13. HP: 108/126 MP: 13/13
 17200 | Lair:3   | Gained Syrus as an ally
 17204 | Lair:3   | Reached skill level 15 in Armour
 17520 | Lair:4   | Reached skill level 1 in Stealth
 18681 | Lair:4   | Identified the +7 battleaxe of Xom {antimagic, rF+}
 19575 | Lair:5   | Reached skill level 16 in Fighting
 19575 | Lair:5   | Gained Orbeogh as an ally
 19578 | Lair:5   | Reached ***** piety under Beogh
 20170 | Lair:5   | Identified the +10 mace of a wizard's laboratory {venom,
                  | Drain rPois rC++ Int+3}
 20331 | D:8      | Killed Harold
 20332 | D:8      | Reached skill level 1 in Maces & Flails
 20675 | D:9      | Found a shimmering altar of Xom.
 21347 | D:9      | Found an ornate altar of the Wu Jian Council.
 21496 | D:9      | Reached skill level 1 in Shields
 21617 | D:10     | Entered Level 10 of the Dungeon
 21716 | D:10     | Found a hazy altar of Hepliaklqana.
 21804 | D:10     | Reached XP level 14. HP: 114/138 MP: 14/14
 21962 | D:10     | Found a radiant altar of Vehumet.
 21981 | D:10     | Identified the +2 robe of Ocifapet {rElec rC+ rCorr}
 23016 | D:11     | Reached skill level 5 in Maces & Flails
 23073 | D:12     | Got Mezuaby's Reference Book on Shifting Darkness
 23125 | D:12     | Found a staircase to the Orcish Mines.
 23360 | D:12     | Found Mecs's Antique Weapon Shoppe.
 23361 | D:12     | Found Curoqaps's Book Shoppe.
 23361 | D:12     | Found Ashruq's Magic Scroll Shoppe.
 23364 | D:12     | Found Onedwed's Armour Shoppe.
 23559 | D:12     | Noticed Urug
 23561 | D:12     | Noticed Snorg
 23574 | D:12     | Killed Snorg
 24102 | Lair:6   | Entered Level 6 of the Lair of Beasts
 24252 | Lair:6   | Found a staircase to the Slime Pits.
 24682 | Lair:6   | Reached ****** piety under Beogh
 24704 | Lair:6   | Reached skill level 17 in Fighting
 25695 | Lair:6   | Reached skill level 5 in Shields
 25744 | Lair:6   | Found a corrupted altar of Lugonu.
 25744 | Lair:6   | Found a one-way gate to the infinite horrors of the Abyss.
 26129 | Orc:1    | Entered Level 1 of the Orcish Mines
 26178 | Orc:1    | Found a dark tunnel.
 26211 | Volcano  | Entered a volcano
 26673 | Volcano  | Noticed an orb of fire
 27001 | Volcano  | Noticed an orb of fire
 27469 | Volcano  | Reached XP level 15. HP: 128/128 MP: 15/15
 27794 | Orc:2    | Entered Level 2 of the Orcish Mines
 28313 | Orc:1    | Found Dulaosul's Weapon Boutique.
 28442 | Orc:1    | Found a roughly hewn altar of Beogh.
 28487 | Orc:1    | Found a roughly hewn altar of Beogh.
 28686 | Orc:2    | Found a staircase to the Elven Halls.
 28708 | Orc:2    | Found Cabet's Book Boutique.
 28708 | Orc:2    | Found Gioraot's Antique Armour Emporium.
 28710 | Orc:2    | Found Byiw's Distillery.
 28712 | Orc:2    | Found Caamion's Assorted Antiques.
 28720 | Orc:2    | Reached XP level 16. HP: 77/143 MP: 16/16
 28791 | Orc:2    | Bought a brightly glowing chain mail for 180 gold pieces
 28791 | Orc:2    | Identified the +0 chain mail of the Sun {rF+} (You bought
                  | it in a shop on level 2 of the Orcish Mines)
 28791 | Orc:2    | Bought a pair of runed gloves for 142 gold pieces
 29022 | Orc:2    | Bought a potion of heal wounds for 55 gold pieces
 29079 | Orc:2    | Gained Ogrik as an ally
 29431 | Orc:2    | Your ally Ogrik died
 29858 | Orc:2    | Identified the +4 falchion "Conservator" {flame, rElec rF++
                  | rC++}
 30130 | D:12     | Found the +8 Wrath of Trog {antimagic, *Rage Rampage}
 30575 | Lair:6   | Identified the +8 chain mail of Altruism {Drain Regen+
                  | rCorr Stlth+}
 30627 | Lair:6   | Identified the +4 war axe of the Purse {vamp, rF+++ Will+
                  | Str-4 SInv}
 31173 | Spider:1 | Entered Level 1 of the Spider Nest
 31185 | Spider:1 | Reached skill level 1 in Slings
 31190 | Spider:1 | Reached skill level 18 in Fighting
 31231 | Spider:1 | Your ally Urug died
 31921 | Spider:2 | Noticed Frances
 31949 | Spider:2 | Your ally Syrus died
 31957 | Spider:2 | Gained Boldo as an ally
 32220 | Spider:2 | Killed Frances
 32376 | Spider:2 | You fall into a shaft and drop 1 floor!
 33142 | Spider:3 | Noticed Jorgrun
 33148 | Spider:3 | Killed Jorgrun
 34371 | Spider:4 | Entered Level 4 of the Spider Nest
 34456 | Spider:4 | Reached XP level 17. HP: 161/164 MP: 0/17
 34458 | Spider:4 | Reached skill level 19 in Fighting
 34726 | Spider:4 | Found a transporter.
 34727 | Spider:4 | Noticed freelancePsychic's ghost (adept MfIE)
 34847 | Spider:4 | Found a transporter.
 35546 | Spider:4 | Reached skill level 15 in Axes
 35948 | Spider:4 | Got a gossamer rune of Zot
 36188 | Swamp:1  | Entered Level 1 of the Swamp
 36302 | Swamp:1  | Noticed Roxanne
 36766 | Swamp:1  | Upgraded the game from 0.29-a0-40-g8eb35efe60 to
                  | 0.29-a0-43-g62a80824bf
 37040 | D:13     | Found a frozen archway.
 37047 | D:13     | Gained Ogrik as an ally
 37059 | IceCv    | Entered an ice cave
 37102 | IceCv    | Reached skill level 1 in Invocations
 37326 | IceCv    | Gained Ognian as an ally
 37346 | IceCv    | Gained Syrus as an ally
 38688 | D:14     | Reached skill level 5 in Invocations
 38707 | D:14     | Found a gate to the Vaults.
 38906 | D:14     | Reached skill level 20 in Fighting
 39029 | D:14     | Found Amuudox's Antique Weapon Shop.
 39205 | D:15     | Entered Level 15 of the Dungeon
 39812 | D:15     | Reached XP level 18. HP: 178/178 MP: 22/22
 39820 | D:15     | Paralysed by a great orb of eyes for 4 turns
 39836 | D:15     | Found a staircase to the Depths.
 39982 | D:15     | Found a large runed translucent door.
 39982 | D:15     | Found a large runed translucent door.
 39984 | D:15     | Noticed Nessos
 39987 | D:15     | Killed Nessos
 39993 | D:15     | Noticed Cyetsa's ghost (adept FoFi)
 41732 | Swamp:2  | You fall into a shaft and drop 1 floor!
 41799 | Swamp:2  | Found a snail-covered altar of Cheibriados.
 42091 | Swamp:3  | Noticed a tentacled monstrosity
 42120 | Swamp:3  | Killed a tentacled monstrosity
 42482 | Swamp:3  | Paralysed by a fenstrider witch for 2 turns
 42757 | Swamp:3  | Gained Agrik as an ally
 42790 | Swamp:3  | Your ally Agrik died
 42988 | Swamp:4  | Entered Level 4 of the Swamp
 43227 | Swamp:3  | Paralysed by a hornet for 1 turns
 43484 | Swamp:4  | Reached skill level 10 in Invocations
 43665 | Swamp:4  | Cast into level 3 of the Abyss (a wizard)
 43697 | Abyss:3  | Found a shimmering altar of Xom.
 44093 | Abyss:3  | Gained mutation: Armour fits poorly on your strangely
                  | shaped body. [a neqoxec]
 44173 | Abyss:3  | Lost intelligence.
 44200 | Abyss:3  | HP: 6/130 [starcursed mass/accursed screaming[a shadow
                  | demon] (4)]
 44200 | Abyss:3  | Slain by a shadow demon

Illustrated notes

Levels and vault maps discovered:
D:1:      nagdon_arrival_zigzag_paths, layout_basic,
          ebering_ecumenical_altar_mist
D:2:      layout_loops_ring, uniq_robin
D:3:      layout_loops_corners, fedhas_ov_isle_minmay, minmay_pentomino_pile
D:4:      layout_basic, grunt_qazlal_sundering, hangedman_feature_mirror,
          uniq_eustachio, uniq_grinder, uniq_ijyb
D:5:      layout_basic, ashenzari_conservatory_becter,
          nicolae_overflow_hidden_temple, chequers_decorated_corner
D:6:      layout_loops_ring, general_overflow_altar, mainiacjoe_overflow_paths,
          minmay_temple_entry_nine_rooms, minmay_misc_feat_rows,
          minmay_manual_mares
D:7:      layout_loops_corners, lemuel_coloured_pillars_altar
D:8:      layout_loops_ring, mainiacjoe_overflow_large_starburst,
          lair_entry_dummy, item_on_display_a, uniq_grum, uniq_erica,
          uniq_harold
D:9:      layout_basic, mainiacjoe_overflow_surrounded_room, xom_teletrap_fun
D:10:     layout_small_grid, mainiacjoe_overflow_small_starburst,
          mainiacjoe_overflow_alcove_1, serial_park_tiny_2
D:11:     layout_cave_pools, special_room [special_room_kobold]
D:12:     minmay_clustersquares, layout_small_grid, hiddenorc1_lemuel,
          minmay_shop_grid_forest, uniq_snorg, uniq_urug
D:13:     layout_basic, serial_undead, serial_undead_e, serial_undead_b,
          serial_undead_c, serial_undead_a, portal_ice_cave_entry_imps
D:14:     layout_basic, david_vaults_4, serial_shops, nicolae_lakefront_shop
D:15:     gammafunk_enter_depths_forms, layout_cave_pods, hangedman_glass_teeth,
          ebering_ghost_disaster_area, minmay_misc_feat_tower,
          minmay_liquid_box, uniq_nessos
Lair:1:   layout_cave_pods, maelrawn_ghost_gauntlet_escape, grunt_megastairs_3
Lair:2:   layout_hall_layers, spider_nest_entry_rubble, grunt_megastairs_2
Lair:3:   wad_woods_tower, layout_misc_corridors, minmay_swamp_entry_swarm,
          st_stairs_7, minivault_26
Lair:4:   layout_layer_cave, lemuel_fruit_fields, grunt_megastairs_1
Lair:5:   nzn_winding_woodlands_cross [nzn_winding_woodlands_5x15_lazy_stream,
          nzn_winding_woodlands_5x15_pool, nzn_winding_woodlands_5x15_garden,
          nzn_winding_woodlands_5x15_parted,
          nzn_winding_woodlands_15x15_eel_pit], layout_cave_pods, st_stairs_5,
          infiniplex_staircase_pool_2, lemuel_fruit_fields
Lair:6:   hellmonk_lair_end_abyssal_woods, layout_cave_pods,
          dpeg_slime_entry_corner, lemuel_fruit_fields
Swamp:1:  layout_basic_swamp, evilmike_swamp_ruin_house_6, uniq_roxanne
Swamp:2:  layout_falls_marsh, nicolae_swamp_godswood
Swamp:3:  layout_basic_swamp, serial_swamp_ruin, evilmike_swamp_ruin_house_1,
          evilmike_swamp_ruin_house_5
Swamp:4:  nzn_swamp_witches_coven, layout_basic_swamp, swamp_pool1
Spider:1: layout_spider_delve
Spider:2: layout_spider_delve, uniq_frances
Spider:3: layout_spider_delve, uniq_jorgrun
Spider:4: grunt_spider_rune_circles, gammafunk_ghost_arena, nicolae_spider_shape
Orc:1:    layout_caves, nicolae_volcano_entry_hallway, basic_altar,
          serial_shops, shop, nicolae_orc_lost_temple
Orc:2:    st_orc_rangers, layout_diamond_mine, minmay_orc_treasury
Abyss:3:  base: D:7, evilmike_abyss_exit_5, evilmike_abyss_exit_5,
          evilmike_abyss_exit_8, evilmike_abyss_exit_plants,
          grunt_abyss_rune_wretched_hive

Skill      XL: |  1  2  3  4  5  6  7  8  9 10 11 12 13 14 15 16 17 18 |
---------------+-------------------------------------------------------+-----
Fighting       | 3 4 5 6 7 8 9 10 11 13 14 15 16 17 18 20 | 20.1
Throwing       | 2 3 |  3.0
Armour         | 1 3 5 7 9 11 14 16 17 18 19 | 19.8
Axes           | 6 7 10 11 12 14 16 | 16.9
Polearms       | 2 4 |  4.6
Dodging        | 3 4 |  4.1
Stealth        | 3 |  3.0
Maces & Flails | 3 9 |  9.3
Shields        | 1 6 7 8 9 |  9.5
Evocations     | 6 |  6.3
Slings         | 4 |  4.5
Invocations    | 6 10 | 10.1

Action                   |  1- 3 |  4- 6 |  7- 9 | 10-12 | 13-15 | 16-18 || total
-------------------------+-------+-------+-------+-------+-------+-------++-------
Melee: War axe           |    93 |   206 |   225 |       |       |  1450 ||  1974
       Punch             |     4 |     2 |     2 |     4 |     2 |       ||    14
       Hand axe          |       |       |    90 |   377 |   226 |   134 ||   827
       Quarterstaff      |       |       |       |   330 |     7 |       ||   337
       Unarmed           |       |       |       |     1 |       |       ||     1
       Demon trident     |       |       |       |    12 |    22 |       ||    34
       Battleaxe         |       |       |       |       |    83 |       ||    83
       Mace              |       |       |       |       |   275 |       ||   275
       Falchion          |       |       |       |       |       |     1 ||     1
 Fire: Fustibalus        |       |       |       |       |       |    70 ||    70
Throw: Stone             |       |     5 |     1 |       |       |       ||     6
       Throwing net      |       |     2 |     1 |     1 |       |       ||     4
       Dart              |       |       |    14 |     5 |     2 |    14 ||    35
       Javelin           |       |       |       |     7 |     3 |     2 ||    12
       Boomerang         |       |       |       |     1 |       |       ||     1
Invok: Convert to Beogh  |       |       |     1 |       |       |       ||     1
       Recall Orcish Fol |       |       |       |       |    15 |     7 ||    22
       Stop Recall       |       |       |       |       |     6 |     5 ||    11
       Give Item to Name |       |       |       |       |     3 |     1 ||     4
       Resurrection      |       |       |       |       |       |     1 ||     1
       Smiting           |       |       |       |       |       |     4 ||     4
Evoke: Wand              |       |     5 |       |       |       |     5 ||    10
       Lightning rod     |       |       |       |       |       |     1 ||     1
  Use: Scroll            |       |     8 |     1 |    15 |    10 |    13 ||    47
       Potion            |       |       |       |       |     4 |    16 ||    20
 Stab: Distracted        |       |       |       |       |     7 |    13 ||    20
       Confused          |       |       |       |       |     3 |     2 ||     5
Armor: Leather armour    |    33 |    52 |       |       |       |       ||    85
       Scale mail        |       |    23 |   150 |       |       |       ||   173
       Plate armour      |       |       |    14 |   574 |   531 |  1384 ||  2503
       Chain mail        |       |       |       |       |    10 |       ||    10
Dodge: Dodged            |    69 |   130 |   133 |   285 |   193 |   371 ||  1181
Block: Other             |       |    47 |    62 |   121 |       |       ||   230
       Reflection        |       |       |     5 |       |    19 |       ||    24
       Tower shield      |       |       |       |       |   387 |  1569 ||  1956

Table legend: (Time is in decaauts)
 A = Elapsed time spent in this place.
 B = Non-inter-level travel time spent in this place.
 C = Inter-level travel time spent in this place.
 D = Time resting spent in this place.
 E = Time spent auto-exploring this place.
 F = Levels seen in this place.
 G = Mean time per level.
                   A        B        C        D        E       F      G
               +--------+--------+--------+--------+--------+-----+--------+
         Total |  44461 |  41058 |   3403 |  10581 |  19409 |  34 | 1307.7 |
       Dungeon |  19516 |  17763 |   1753 |   3048 |  10516 |  15 | 1301.1 |
          Lair |  11243 |  10110 |   1133 |   3052 |   5083 |   6 | 1873.8 |
         Swamp |   3929 |   3777 |    152 |   1163 |   1265 |   4 |  982.2 |
   Spider Nest |   5034 |   4862 |    172 |   1900 |   1205 |   4 | 1258.5 |
  Orcish Mines |   2377 |   2186 |    191 |    518 |    997 |   2 | 1188.5 |
         Abyss |    545 |    545 |      0 |    181 |      0 |   1 |  545.0 |
      Ice Cave |    495 |    495 |      0 |      0 |    163 |   1 |  495.0 |
       Volcano |   1319 |   1319 |      0 |    718 |    180 |   1 | 1319.0 |
               +--------+--------+--------+--------+--------+-----+--------+

Top non-repeatable levels by time:
  Lair:1: 2875 daAuts
  Lair:6: 2154 daAuts
     D:4: 2071 daAuts
     D:5: 2070 daAuts
   Orc:2: 1748 daAuts
     D:3: 1745 daAuts
Spider:3: 1717 daAuts
  Lair:3: 1698 daAuts
  Lair:2: 1663 daAuts
     D:1: 1592 daAuts
Spider:4: 1555 daAuts
     D:8: 1509 daAuts
     D:6: 1475 daAuts
  Lair:4: 1440 daAuts
  Lair:5: 1410 daAuts
